 Dungeon Crawl Stone Soup version 0.30-a0-782-ge64f9170bb (webtiles) character file.

Game seed: 14606006604391073558

567 Dirian the Chopper (level 7, -5/61 HPs)
             Began as a Minotaur Fighter on Mar 6, 2023.
             Slain by Pikel
             ... wielding a +1 whip of electrocution
              (7 damage)
             ... on level 4 of the Dungeon.
             The game lasted 00:04:36 (3228 turns).

Dirian the Chopper (Minotaur Fighter)               Turns: 3228, Time: 00:04:36

Health: -5/61      AC: 12    Str: 23    XL:     7   Next: 11%
Magic:  6/6        EV:  9    Int:  5    God:
Gold:   182        SH:  4    Dex:  9    Spells: 6/6 levels left

rFire   . . .      SeeInvis .    a - +0 war axe
rCold   . . .      Faith    .    c - +0 buckler
rNeg    . . .      Spirit   .    b - +0 scale mail
rPois   .          Reflect  .    (helmet restricted)
rElec   .          Harm     .    i - +0 cloak
rCorr   .          Rampage  .    (no gloves)
Will    .....                    (no boots) Stlth
                                 (no amulet)
HPRegen 0.30/turn                o - +4 ring of protection
MPRegen 0.10/turn                (no ring)

@: no status effects
A: horns 2, retaliatory headbutt
a: no special abilities


You were on level 4 of the Dungeon.
You visited 1 branch of the dungeon, and saw 4 of its levels.

You collected 182 gold pieces.

Inventory:

Hand Weapons
 a - a +0 war axe (weapon)
Armour
 b - a +0 scale mail (worn)
 c - a +0 buckler (worn)
 g - a +0 chain mail
 i - a +0 cloak (worn)
Jewellery
 o - a +4 ring of protection (left hand)
Scrolls
 e - a scroll of summoning
 p - a scroll of poison
 r - a scroll of identify
 t - a scroll of torment
 u - a scroll of magic mapping {unknown}
Potions
 f - 2 potions of magic
 h - a potion of haste
 j - a potion of attraction
 k - a potion of cancellation {unknown}
 l - a potion of brilliance {unknown}
 m - 2 potions of degeneration {unknown}
 n - a potion of flight {unknown}
 q - 2 potions of curing
 s - a potion of ambrosia {unknown}


   Skills:
 + Level 5.2 Fighting
 + Level 6.4 Axes
 + Level 6.0 Armour
 + Level 4.8 Shields


You had 6 spell levels left.
You didn't know any spells.
Your spell library was empty.

Dungeon Overview and Level Annotations

Branches:
Dungeon (4/15) Zot: 20708
 Temple: D:4-7

Altars:

Shops:
D:1 *

Annotations:
D:4 Pikel


Innate Abilities, Weirdness & Mutations

You have a pair of horns on your head.
You reflexively headbutt those who attack you in melee.


Message History

You are too injured to fight recklessly!
You are too injured to fight recklessly!
You are too injured to fight recklessly!
You are too injured to fight recklessly!
You are too injured to fight recklessly!
You are too injured to fight recklessly!
You are too injured to fight recklessly!
You are too injured to fight recklessly!
You are too injured to fight recklessly!
You are too injured to fight recklessly!
You are too injured to fight recklessly!
You are too injured to fight recklessly!
You closely miss Pikel.
Pikel is heavily wounded.
Pikel hits you with a +1 whip of electrocution.
You closely miss Pikel.
Pikel is heavily wounded.
Pikel hits you with a +1 whip of electrocution.
You closely miss Pikel.
Pikel is heavily wounded.
Pikel hits you with a +1 whip of electrocution.
You barely miss Pikel.
Pikel is heavily wounded.
Pikel hits you with a +1 whip of electrocution!
Pikel barely misses you.
You closely miss Pikel. You headbutt Pikel!
Pikel is severely wounded.
Pikel hits you but does no damage.
You are electrocuted!!
* * * LOW HITPOINT WARNING * * *
You hit Pikel.
Pikel is almost dead.
Pikel barely misses you.
You barely miss Pikel.
Pikel is almost dead.
Pikel hits you with a +1 whip of electrocution.
* * * LOW HITPOINT WARNING * * *
You hit Pikel but do no damage.
Pikel is almost dead.
Pikel hits you with a +1 whip of electrocution!
You die...

).......#..# ##†#
).....###..# #.##
#....## #..# ##.##
#.....# ##.## ##.#
#..#...# #..# #.##
#.###...##..# ##.#
..## ##.....# ###
...## ##....## ###
....#####....###@#
.........#...##K##
####.........555#
###......###.# #
###)5..## ##.#
#####...5..####
#.#
..............#
#.#
................
##
....##.....#####


You could see Pikel and 3 lemures.

Vanquished Creatures
  Edmund (D:4)
  Menkaure (D:4)
  A water moccasin (D:4)
  A black bear (D:4)
  An iguana (D:4)
  An orc wizard (D:4)
  3 adders
  2 dart slugs (D:3)
  2 orcs (D:4)
  4 bats
  5 endoplasms
  3 giant cockroaches (D:3)
  A goblin (D:2)
  5 hobgoblins
  8 kobolds
  6 quokkas
  7 ball pythons
  5 frilled lizards
  8 rats
65 creatures vanquished.

Vanquished Creatures (others)
  7 plants
  2 withered plants (D:2)
9 creatures vanquished.

Grand Total: 74 creatures vanquished

Notes
Turn   | Place    | Note
-------+----------+-------------------------------------------
     0 | D:1      | Dirian the Minotaur Fighter began the quest for the Orb.
     0 | D:1      | Reached XP level 1. HP: 19/19 MP: 0/0
    71 | D:1      | Found Ostatia's Assorted Antiques.
   223 | D:1      | Reached XP level 2. HP: 27/27 MP: 1/1
   874 | D:2      | Reached XP level 3. HP: 28/33 MP: 2/2
  1141 | D:2      | Found a faded altar of an unknown god.
  1713 | D:3      | Identified the +6 short sword of Tenacity {venom, rCorr}
  1894 | D:3      | Reached XP level 4. HP: 41/41 MP: 3/3
  2108 | D:3      | You fall into a shaft and drop 1 floor!
  2618 | D:4      | Noticed a water moccasin
  2632 | D:4      | Killed a water moccasin
  2633 | D:4      | Reached skill level 5 in Armour
  2633 | D:4      | Reached XP level 5. HP: 6/47 MP: 4/4
  2951 | D:4      | Noticed a black bear
  2961 | D:4      | Killed a black bear
  2962 | D:4      | Reached skill level 5 in Axes
  2962 | D:4      | Reached XP level 6. HP: 45/55 MP: 5/5
  3045 | D:4      | Noticed Edmund
  3050 | D:4      | Noticed Menkaure
  3062 | D:4      | Killed Edmund
  3063 | D:4      | Reached skill level 5 in Fighting
  3068 | D:4      | Killed Menkaure
  3069 | D:4      | Reached XP level 7. HP: 31/61 MP: 6/6
  3187 | D:4      | Noticed Pikel
  3225 | D:4      | HP: 3/61 [Pikel/+1 whip of electrocution (20)]
  3227 | D:4      | HP: 1/61 [Pikel/+1 whip of electrocution (3)]
  3228 | D:4      | Slain by Pikel

Illustrated notes

Levels and vault maps discovered:
D:1:      tarquinn_simple_flora_water_f, layout_loops_ring, serial_shops,
          nicolae_shop_waterfront, hangedman_abyss_or_decor_lesser_grid
D:2:      layout_basic, shapermc_ecumenical_altar_flowoftime
D:3:      layout_loops_corners, serial_forest, infiniplex_forest_straight_2,
          infiniplex_forest_split, infiniplex_forest_clump_diagonal,
          infiniplex_forest_corner_2, infiniplex_forest_lined_room_,
          infiniplex_forest_lined_3_way, infiniplex_forest_lined_3,
          infiniplex_forest_straight_4, lexackson_kobold_supper
D:4:      layout_layer_cave, uniq_pikel, uniq_menkaure, uniq_eustachio,
          uniq_edmund, uniq_crazy_yiuf_cottage

Skill      XL: |  1  2  3  4  5  6 |
---------------+-------------------+-----
Shields        | 4 |  4.8
Armour         | 4 5 6 |  6.0
Fighting       | 4 5 |  5.2
Axes           | 3 4 5 6 |  6.4

Action                     |  1- 3 |  4- 6 |  7- 9 || total
---------------------------+-------+-------+-------++-------
  Melee: War axe           |    92 |    61 |    17 ||   170
         Headbutt          |     6 |     9 |     2 ||    17
    Use: Scroll            |     6 |     3 |       ||     9
         Potion            |       |     2 |       ||     2
 Armour: Scale mail        |    52 |    45 |     8 ||   105
  Dodge: Dodged            |    57 |    27 |     6 ||    90
  Block: Buckler           |    22 |    11 |     1 ||    34

Table legend: (Time is in decaauts)
 A = Elapsed time spent in this place.
 B = Non-inter-level travel time spent in this place.
 C = Inter-level travel time spent in this place.
 D = Time resting spent in this place.
 E = Time spent auto-exploring this place.
 F = Levels seen in this place.
 G = Mean time per level.
                   A        B        C        D        E       F      G
               +--------+--------+--------+--------+--------+-----+--------+
         Total |   3290 |   3161 |    129 |    126 |   2486 |   4 |  822.5 |
       Dungeon |   3290 |   3161 |    129 |    126 |   2486 |   4 |  822.5 |
               +--------+--------+--------+--------+--------+-----+--------+

Top non-repeatable levels by time:
     D:3: 1258 daAuts
     D:2: 754 daAuts
     D:1: 715 daAuts
     D:4: 562 daAuts
